 Dungeon Crawl Stone Soup version 0.20.1-1-g8b1a95d66d (webtiles) character file.

136 Jynx the Skirmisher (level 4, -8/37 HPs)
             Began as a Demonspawn Berserker on Dec 22, 2017.
             Was a Believer of Trog.
             Mangled by a gnoll
             ... wielding a +0 spear
              (9 damage)
             ... on level 3 of the Dungeon.
             The game lasted 00:02:32 (2492 turns).

Jynx the Skirmisher (Demonspawn Berserker)          Turns: 2492, Time: 00:02:33

Health: -8/37      AC:  2    Str: 17    XL:     4   Next: 98%
Magic:  0/4        EV: 12    Int:  8    God:    Trog [**....]
Gold:   80         SH:  0    Dex: 14    Spells: 3/3 levels left

rFire    . . .     SeeInvis .   a - +0 mace
rCold    . . .     Gourm    .   (no shield)
rNeg     . . .     Faith    .   b - +0 animal skin
rPois    .         Spirit   +   (no helmet)
rElec    .         Reflect  .   (no cloak)
rCorr    .         Harm     .   (no gloves)
MR       .....                  (no boots)
Stlth    +.........             (no amulet)
Regen    0.2/turn               (no ring)
MPRegen  0.1/turn               (no ring)

@: berserk cooldown, slowed, very slow
A: claws 2, magic shield
a: Berserk, Trog's Hand, Burn Spellbooks, Renounce Religion


You were on level 3 of the Dungeon.
You worshipped Trog.
Trog was pleased with you.
You were very hungry.

You visited 1 branch of the dungeon, and saw 3 of its levels.

You collected 80 gold pieces.

Inventory:

Hand Weapons
 a - a +0 mace (weapon)
Armour
 b - a +0 animal skin (worn)
Jewellery
 f - an uncursed ring of see invisible {unknown}
 h - an uncursed ring of resist corrosion {unknown}
Potions
 e - a potion of heal wounds {unknown}
 g - a potion of lignification {unknown}
 i - 2 potions of mutation {unknown}
Comestibles
 c - a bread ration


   Skills:
 + Level 3.9 Fighting
 * Level 3.8 Maces & Flails
 + Level 2.8 Armour
 + Level 2.2 Dodging


You had 3 spell levels left.
You didn't know any spells.

Dungeon Overview and Level Annotations

Branches:
Dungeon (3/15)

Altars:
Ashenzari
Hepliaklqana
Makhleb
Nemelex Xobeh


Innate Abilities, Weirdness & Mutations

You have very sharp fingernails.
When hurt, damage is shared between your health and your magic reserves.


Message History

You hit the gnoll.
You kill the gnoll!
Trog accepts your kill. The hobgoblin hits you with a club.
You hit the hobgoblin.
You kill the hobgoblin!
Trog accepts your kill. The gnoll misses you.
The gnoll hits you from afar with a spear.
The gnoll hits you with a spear.
Things that are here:
a club; a stone; a hobgoblin corpse You barely miss the gnoll.
The gnoll hits you with a spear! The gnoll barely misses you.
You closely miss the gnoll. The gnoll hits you with a spear.
* * * LOW HITPOINT WARNING * * *
The gnoll hits you with a spear!
* * * LOW HITPOINT WARNING * * *
You hit the gnoll but do no damage. The gnoll hits you with a spear!
You die...

#.##.# ....... #####.##.#
....... #........# .......
#.....#### ##.......
#.##### ......... #.#
#s....... #.######
#........
#.....<######........
#........))@g........
######.############.......
.......# ....... ########
....... ....... #######


You could see a gnoll.

Vanquished Creatures
  3 gnolls (D:3)
  4 adders (D:2)
  An ooze (D:2)
  2 worms
  A dart slug (D:1)
  3 leopard geckos
  4 giant cockroaches
  6 goblins
  4 hobgoblins
  8 jackals
  2 ball pythons
  5 bats
  4 frilled lizards (D:1)
  8 kobolds
  7 rats
62 creatures vanquished.

Notes
Turn   | Place    | Note
-------+----------+-------------------------------------------
     0 | D:1      | Jynx the Demonspawn Berserker began the quest for the Orb.
     0 | D:1      | Reached XP level 1. HP: 18/18 MP: 1/1
   116 | D:1      | Gained mutation: You have sharp fingernails. [demonic ancestry]
   116 | D:1      | Reached XP level 2. HP: 12/24 MP: 2/2
   889 | D:1      | Reached ** piety under Trog
   889 | D:1      | Gained mutation: When hurt, damage is shared between your health and your magic reserves. [demonic ancestry]
   889 | D:1      | Reached XP level 3. HP: 25/29 MP: 3/3
  1455 | D:2      | Found a burning altar of Makhleb.
  1455 | D:2      | Noticed a blizzard demon
  1494 | D:2      | Found a shattered altar of Ashenzari.
  1514 | D:2      | Found a hazy altar of Hepliaklqana.
  1575 | D:2      | Gained mutation: You have very sharp fingernails. [demonic ancestry]
  1575 | D:2      | Reached XP level 4. HP: 15/36 MP: 1/4
  2077 | D:2      | Found a sparkling altar of Nemelex Xobeh.
  2491 | D:3      | HP: 1/37 [gnoll/spear (8)]
  2492 | D:3      | Mangled by a gnoll

Skill      XL: |  1  2 |
---------------+-------+-----
Maces & Flails | 3 |  3.8
Dodging        | 2 |  2.2
Armour         | 2 |  2.8
Fighting       | |  3.9

Action                   |  1- 3 |  4- 6 || total
-------------------------+-------+-------++-------
Melee: Mace              |   112 |    76 ||   188
Invok: Berserk           |     4 |     2 ||     6
  Use: Scroll            |     2 |       ||     2
 Stab: Sleeping          |     2 |     2 ||     4
  Eat: Chunk             |     4 |     5 ||     9
Armor: Animal skin       |    30 |    14 ||    44
Dodge: Dodged            |   100 |    52 ||   152
